 Dungeon Crawl Stone Soup version 0.26-a0-612-gd4d190f45e (webtiles) character file.

Game seed: 11619453689668561530

6 Descartes the Sneak (level 1, -5/10 HPs)
             Began as a Felid Delver on Sept 8, 2020.
             Slain by Purgy (8 damage)
             ... in a sewer.
             The game lasted 00:00:55 (275 turns).

Descartes the Sneak (Felid Delver)                   Turns: 275, Time: 00:00:56

Health: -5/10      AC:  1    Str:  8    XL:     1   Next: 75%
Magic:  2/2        EV: 18    Int: 11    God:
Gold:   0          SH:  0    Dex: 17    Spells: 0/0 levels left
                                        Lives:  0   Deaths: 0

rFire    . . .     SeeInvis +     - Unarmed
rCold    . . .     Faith    .   (shield unavailable)
rNeg     . . .     Spirit   .   (armour unavailable)
rPois    .         Reflect  .   (helmet unavailable)
rElec    .         Harm     .   (cloak unavailable)
rCorr    .                      (gloves unavailable)
MR       .....                  (boots unavailable)
Stlth    ++........             (no amulet)
HPRegen  0.03/turn              (no ring)
MPRegen  0.08/turn              (no ring)

@: very slow
A: very small, no armour, no weapons or thrown items, stealth, claws 1, fangs 3,
see invisible, speed 1, shaggy fur 1, sharp paws
a: no special abilities


You were in a sewer.
You visited 1 branch of the dungeon, and saw 2 of its levels.
You also visited: Sewer.

Inventory:

Missiles
 g - 31 stones
Wands
 e - a wand of digging (3)
Scrolls
 a - a scroll of fog
 b - a scroll of magic mapping
 c - a scroll of fear
Potions
 d - a potion of haste
 f - a potion of curing {unknown}


   Skills:
 - Level 3.0 Fighting
 - Level 2.6 Dodging
 + Level 7.1 Stealth
 - Level 2.0 Unarmed Combat


You couldn't memorise any spells.
You didn't know any spells.
Your spell library was empty.

Dungeon Overview and Level Annotations

Branches:
Dungeon (5/15)              Sewer (1/1)
 Temple: D:4-7

Altars:

Annotations:
Sewer Purgy


Innate Abilities, Weirdness & Mutations

You cannot wear armour.
You are incapable of wielding weapons or throwing items.
Your paws allow you to move quietly. (Stealth)
You have sharp claws.
You have razor-sharp teeth.
You have supernaturally acute eyesight. (SInv)
You cover ground quickly.
You are covered in fur. (AC +1)
Your sharp claws are effective at attacking unaware monsters.


Message History

You scratch the frilled lizard.
You kill the frilled lizard!
You enter the shallow water.
Moving in this stuff is going to be slow.
You enter the shallow water.
Moving in this stuff is going to be slow.
Purgy the Meek comes into view.
Purgy shouts!
Found a scroll of magic mapping and a scroll labeled YSILET POZXAIKH.
You barely miss Purgy. Purgy closely misses you. Purgy claws you.
Purgy misses you.
You claw Purgy!
Purgy is moderately wounded.
Purgy barely misses you. Purgy claws you.
* * * LOW HITPOINT WARNING * * *
Purgy claws you but does no damage.
Your unstable footing causes you to fumble your attack.
Purgy bites you!
Ouch! That really hurt!
You die...

##.≈≈≈≈ ?.? ##≈≈≈≈≈≈ #≈#
#≈≈≈≈≈≈≈ #.# ##≈≈≈≈≈≈≈
#≈# ##≈≈≈≈≈≈≈≈ #.#
#.≈≈≈≈≈≈≈≈ #≈#
##≈≈≈≈≈≈≈≈≈ #T#
##..≈≈≈≈≈≈≈≈
≈..###@#####≈≈≈≈≈≈≈≈≈≈≈
≈≈≈≈≈≈≈≈≈≈#.≈≈≈≈≈≈≈≈≈≈≈#
≈≈≈≈≈≈≈≈≈≈..≈≈≈≈≈≈≈≈≈≈≈#
≈≈≈≈≈≈≈≈≈≈≈≈≈≈≈≈≈≈≈≈≈≈##
≈≈≈≈≈≈≈≈≈≈≈≈≈≈≈≈≈≈≈≈≈≈#
≈≈≈≈≈≈≈≈≈≈≈≈≈≈≈≈≈≈≈≈###
≈≈≈≈≈≈≈≈≈≈≈≈≈≈≈≈≈≈≈##
≈≈≈≈≈≈≈≈≈≈≈≈≈≈≈≈≈≈≈#
≈≈≈≈≈≈≈≈≈≈≈≈≈≈≈≈≈##


You could see Purgy.

Vanquished Creatures
  A leopard gecko (D:4)
  2 giant cockroaches (D:4)
  2 frilled lizards (Sewer)
5 creatures vanquished.

Notes
Turn   | Place    | Note
-------+----------+-------------------------------------------
     0 | D:5      | Descartes the Felid Delver began the quest for the Orb.
     0 | D:5      | Reached XP level 1. HP: 10/10 MP: 2/2
     9 | D:5      | Noticed a worker ant
    21 | D:4      | Found a glowing drain.
   180 | D:4      | Reached skill level 7 in Stealth
   183 | Sewer    | Entered a sewer
   271 | Sewer    | Noticed Purgy
   275 | Sewer    | Slain by Purgy

Illustrated notes

Levels and vault maps discovered:
D:4:      layout_loops_ring, eat_drink_and_be_merry_uskayaw, lemuel_round_altar,
          portal_sewer_entry_f
D:5:      layout_rooms, nicolae_gozag_cash_rules_everything_around_me,
          overflow_temple_1_default, lemuel_round_altar
Sewer:    sewer_co_purgy_island

Skill      XL: |  1 |
---------------+----+-----
Stealth        | 7 |  7.1
Fighting       | |  3.0
Dodging        | |  2.6
Unarmed Combat | |  2.0

Action                   || total
-------------------------++-------
Melee: Unarmed           ||    20
Armor: Skin              ||     3
Dodge: Dodged            ||    18

Table legend: (Time is in decaauts)
 A = Elapsed time spent in this place.
 B = Non-inter-level travel time spent in this place.
 C = Inter-level travel time spent in this place.
 D = Time resting spent in this place.
 E = Time spent auto-exploring this place.
 F = Levels seen in this place.
 G = Mean time per level.
                   A        B        C        D        E       F      G
               +--------+--------+--------+--------+--------+-----+--------+
         Total |    277 |    277 |      0 |    170 |      0 |   3 |   92.3 |
       Dungeon |    179 |    179 |      0 |    135 |      0 |   2 |   89.5 |
         Sewer |     98 |     98 |      0 |     35 |      0 |   1 |   98.0 |
               +--------+--------+--------+--------+--------+-----+--------+

Top non-repeatable levels by time:
     D:4: 164 daAuts
   Sewer: 98 daAuts
     D:5: 15 daAuts
